 Dungeon Crawl Stone Soup version 0.14-a0-3109-ga7442b6 (webtiles) character file.

428 Kae the Cleaver (level 6, -1/51 HPs)
             Began as a Hill Orc Fighter on Mar 7, 2014.
             Slain by Edmund
             ... wielding a +1,+2 dire flail of protection
              (5 damage)
             ... on Level 4 of the Dungeon.
             The game lasted 00:02:37 (2956 turns).

Kae the Cleaver (Hill Orc Fighter)                  Turns: 2956, Time: 00:02:37

HP  -1/51        AC  9     Str 21      XL: 6   Next: 50%
MP   6/6         EV 11     Int  8      God:
Gold 100         SH 19     Dex 15      Spells:  0 memorised,  5 levels left

rFire  . . .     SeeInvis .     a - +0 war axe
rCold  . . .     Clarity  .     b - +0 scale mail
rNeg   . . .     Conserve .     c - +0 shield
rPois  .         rCorr    .     (no helmet)
rElec  .         rRot     .     w - +0 cloak
SustAb . .       Spirit   .     o - +0 pair of gloves (curse)
rMut   .         Warding  .     (no boots)
Saprov + . .     Stasis   .     (no amulet)
MR     .....                    (no ring)
                                (no ring)

@: agile, not resistant to hostile enchantments, very unstealthy
A: saprovore 1
a: no special abilities


You were on level 4 of the Dungeon.
You were not hungry.

You visited 1 branch of the dungeon, and saw 4 of its levels.

You collected 100 gold pieces.

Inventory:

Hand weapons
 a - a +0,+0 war axe (weapon)
Armour
 b - a +0 scale mail (worn)
 c - a +0 shield (worn)
 o - a cursed +0 pair of gloves (worn)
 w - a +0 cloak (worn)
Comestibles
 d - 2 meat rations
 m - a pear
 v - an apple
 B - 3 chunks of orc flesh
Scrolls
 f - 2 scrolls of random uselessness {unknown}
 h - a scroll of fear {unknown}
 i - 2 scrolls of magic mapping {unknown}
 n - a scroll of identify {unknown}
 p - a scroll of enchant armour {unknown}
 r - a scroll of teleportation {unknown}
 x - 3 scrolls of remove curse {unknown}
 y - a scroll of noise {unknown}
Jewellery
 g - an uncursed ring of protection from magic {unknown}
 k - an uncursed amulet of clarity {unknown}
 t - a cursed ring of hunger {unknown}
Potions
 j - a potion of speed {unknown}
 l - a potion of beneficial mutation {unknown}
 q - a potion of curing {unknown}
 s - a potion of confusion {unknown}
 u - a potion of heal wounds {unknown}
 z - a potion of brilliance {unknown}
Books
 A - the Handbook of Attacks
   (You found it on level 4 of the Dungeon)

   Spells                             Type                      Level
   Throw Flame                        Conjuration/Fire             2
   Static Discharge                   Conjuration/Air              3
   Fireball                           Conjuration/Fire             5


   Skills:
 - Level 3.6 Fighting
 + Level 8.8 Axes
 - Level 3.2 Armour
 - Level 3.2 Shields


You had 5 spell levels left.
You didn't know any spells.

Dungeon Overview and Level Annotations

Branches:
Dungeon (4/16)
 Temple: D:4-7

Altars:

Annotations:
D:4 Edmund


Innate Abilities, Weirdness & Mutations

You can tolerate rotten meat.


Message History

Edmund says, "You wouldn't believe how much I paid for this flail."
Edmund closely misses you.
You completely miss Edmund.
Edmund is heavily wounded.
You block Edmund's attack.
You hit Edmund but do no damage.
Edmund is heavily wounded.
Edmund hits you with a glowing dire flail!
* * * LOW HITPOINT WARNING * * *
Your shield and scale mail prevent you from hitting Edmund.
Edmund is heavily wounded.
Edmund hits you but does no damage.
You closely miss Edmund.
Edmund is heavily wounded.
Edmund hits you with a glowing dire flail!
* * * LOW HITPOINT WARNING * * *
Your shield and scale mail prevent you from hitting Edmund.
Edmund is heavily wounded.
Edmund hits you with a glowing dire flail.
You die...

. ..# ... .( ##..##
.. ... ...... #. #.#
##..## #####.##.###.#
#..# #>.........#.#
#..# #............#
#..# #..........#
#..# #...<..@@..#
###..## #..........#
#.....# ########.###
#...... #.....#
#.....#
#.....#########.....#
#..............<....#
#####################


You could see Edmund.

Vanquished Creatures
  The ghost of Kae the Chopper, an average HOFi (D:3)
  A goliath beetle (D:3)
  An orc priest (D:4)
  6 adders
  2 giant mites (D:2)
  An inept item mimic (D:3)
  4 worms
  4 giant geckos
  An ooze (D:3)
  8 orcs
  12 bats
  3 giant cockroaches
  5 hobgoblins
  3 kobolds
  4 giant newts
  8 goblins
  6 jackals
  12 rats
82 creatures vanquished.

Notes
Turn   | Place    | Note
--------------------------------------------------------------
     0 | D:1      | Kae, the Hill Orc Fighter, began the quest for the Orb.
     0 | D:1      | Reached XP level 1. HP: 19/19 MP: 1/1
   205 | D:1      | Reached XP level 2. HP: 23/26 MP: 2/2
   441 | D:1      | Reached skill level 4 in Axes
   537 | D:1      | Reached XP level 3. HP: 11/31 MP: 3/3
   762 | D:2      | Reached skill level 5 in Axes
  1045 | D:2      | Reached XP level 4. HP: 33/39 MP: 4/4
  1236 | D:2      | Reached skill level 6 in Axes
  1501 | D:2      | Reached XP level 5. HP: 45/45 MP: 5/5
  1640 | D:3      | Noticed Kae's ghost (average HOFi)
  2015 | D:3      | Reached skill level 7 in Axes
  2491 | D:3      | Killed Kae's ghost
  2491 | D:3      | Reached skill level 8 in Axes
  2491 | D:3      | Reached XP level 6. HP: 32/51 MP: 6/6
  2729 | D:4      | Identified the Handbook of Attacks
  2922 | D:4      | Noticed Edmund
  2956 | D:4      | Slain by Edmund

Action                   |  1- 3 |  4- 6 || total
-------------------------+-------+-------++-------
Melee: War axe           |    90 |   213 ||   303
  Use: Potion            |       |     2 ||     2
